 Dungeon Crawl Stone Soup version 0.10.4 character file.

7416 EnegeticOcto the Fighter (level 11, -9/72 HPs)
             Began as a Sludge Elf Transmuter on June 29, 2020.
             Was a Believer of Makhleb.
             Mangled by a hill giant
             ... wielding a +0,+0 giant club
              (30 damage)
             ... on Level 10 of the Dungeon.
             The game lasted 01:00:31 (11938 turns).

EnegeticOcto the Fighter (Sludge Elf Transmuter)   Turns: 11938, Time: 01:00:31

HP  -9/72        AC 13     Str 10      XL: 11   Next: 11%
MP  33/33        EV 21     Int 22      God: Makhleb [**....]
Gold 143         SH  0     Dex 19      Spells:  4 memorised,  9 levels left

Res.Fire  : . . .   See Invis. : .     - Unarmed
Res.Cold  : . . .   Warding    : + . p - +2 robe
Life Prot.: + . .   Conserve   : .   (no shield)
Res.Acid. : . . .   Res.Corr.  : .   O - +3 hat of Pondering {ponderous, MR MP+10 I
Res.Poison: .       Clarity    : .   o - +2 cloak
Res.Elec. : .       Spirit.Shd : .   L - +2 pair of fencer's gloves {EV+3 Dex+3 Acc
Sust.Abil.: . .     Stasis     : .   (no boots)
Res.Mut.  : .       Ctrl.Telep.: .   y - amulet of warding
Res.Rott. : .       Levitation : .   (no ring)
Saprovore : . . .   Ctrl.Flight: .   (no ring)

@: slow, quite resistant to hostile enchantments, unstealthy
A: no striking features
a: Minor Destruction, Renounce Religion


You were on level 10 of the Dungeon.
You worshipped Makhleb.
Makhleb was greatly pleased with you.
You were hungry.

You visited 2 branches of the dungeon, and saw 11 of its levels.
You visited 1 Labyrinth.

You collected 323 gold pieces.
You spent 200 gold pieces at shops.

Inventory:

Hand weapons
 k - a cursed +0,+0 dagger
Missiles
 f - 8 +0 darts of frost (quivered)
 s - 9 poisoned +4 arrows
 t - a +0 dart of flame
 H - 6 +0 throwing nets {!f}
Armour
 o - a +2 cloak (worn)
 p - a +2 robe (worn)
 L - the +2 pair of fencer's gloves (worn) {EV+3 Dex+3 Acc+8}
   (You found it on level 9 of the Dungeon)

   It affects your evasion (+3).
   It affects your dexterity (+3).
   It affects your accuracy (+8).
 O - the +3 hat of Pondering (worn) {ponderous, MR MP+10 Int+5}
   (You found it in a Labyrinth)

   It affects your intelligence (+5).
   It increases your resistance to enchantments.
   It affects your mana capacity (+10).
   The favorite hat of the slug wizard Gastronok, stained with reddish slime and
   enchanted to aid in his arcane pondering.
   It has been specially enchanted to protect against the effects of salt,
   though you probably don't care.
Magical devices
 m - a wand of frost (0)
 n - a wand of teleportation (1)
 w - a wand of frost (0)
 z - a wand of fire (5)
 B - a wand of fire (5)
 E - a wand of lightning (5)
 G - a wand of draining (0)
 I - a wand of random effects (21) {unknown}
 J - a wand of slowing (8) {unknown}
 K - a wand of random effects (12) {unknown}
 M - a wand of magic darts (16)
Comestibles
 a - 5 bread rations
Scrolls
 i - 6 scrolls of teleportation {@r3 !r}
 l - 2 scrolls of magic mapping {@r5 !r}
 q - 4 scrolls of remove curse {@r2}
 x - a scroll of random uselessness
 D - a scroll of fog {!r}
 F - a scroll of immolation
Jewellery
 y - an amulet of warding (around neck)
 N - an uncursed amulet of rage {unknown}
Potions
 b - a potion of magic {unknown}
 c - a potion of brilliance {unknown}
 e - 5 potions of curing {@q1 !q}
 g - 4 potions of restore abilities
 h - 4 potions of poison
 j - a potion of speed
 r - a potion of slowing {unknown}
 v - a potion of paralysis
 A - a potion of levitation {unknown}
Books
 d - a book of Changes

   Spells                             Type                      Level
   *Beastly Appendage                 Transmutation                1
   *Sticks to Snakes                  Transmutation                2
   *Spider Form                       Transmutation/Poison         3
   *Ice Form                          Ice/Transmutation            4
   Blade Hands                        Transmutation                5


   Skills:
 - Level 8.6 Fighting
 - Level 7.1 Dodging
 - Level 3.7 Traps & Doors
 + Level 8.5 Unarmed Combat
 - Level 4.9 Spellcasting
 + Level 6.9 Transmutations
 - Level 8.2 Ice Magic
 - Level 3.9 Poison Magic
 + Level 0.7 Invocations
 - Level 4.2 Evocations


You had 9 spell levels left.
You knew the following spells:

 Your Spells              Type           Power        Failure   Level  Hunger
a - Beastly Appendage     Trmt           ######.      1%          1    None
b - Sticks to Snakes      Trmt           ######....   1%          2    None
c - Spider Form           Pois/Trmt      #####.....   3%          3    Choko
d - Ice Form              Ice/Trmt       ######....   6%          4    Honeycomb

Dungeon Overview and Level Annotations

Branches:
Dungeon (10/27)            Temple (1/1) D:7             Orc (0/4) D:10
   Lair (0/8) D:8

Altars:
Ashenzari
Cheibriados
Elyvilon
Fedhas
Kikubaaqudgha
Makhleb
Nemelex Xobeh
Okawaru
Sif Muna
The Shining One
Trog
Vehumet
Xom
Yredelemnul
Zin

Shops:
D:4: ! D:8: [* D:10: %

Annotations
D:4 resistancex2


Message History

You climb downwards.
There is a stone staircase leading up here.
Found a staircase to the Orcish Mines.
Found an escape hatch in the floor.
Press: ? - help, v - describe, . - travel A floor.
Unknown command.
You open the door.
Found 21 gold pieces and a throwing net.
You found an axe trap!
There is an open door here.
H - 6 throwing nets {!f} (gained 1)
You now have 143 gold pieces (gained 21).
You open the door.
Found a faintly glowing mace.
There is an open door here.
You see here a faintly glowing mace.
You see here a faintly glowing mace.
There is an open door here.
You open the door.
There is an open door here.
You open the door.
Found 26 arrows.
Found 12 poisoned needles.
There is an open door here.
You see here 26 arrows.
You open the door.
There is an open door here.
A hobgoblin comes into view. It is wielding an orcish club.
The hobgoblin shouts!
The hobgoblin completely misses you.
You hit the hobgoblin but do no damage. The hobgoblin barely misses you.
You hit the hobgoblin.
The hobgoblin is severely wounded.
The hobgoblin barely misses you.
You barely miss the hobgoblin.
The hobgoblin is severely wounded.
The hobgoblin completely misses you.
You punch the hobgoblin!
You kill the hobgoblin!
Makhleb accepts your kill.
You feel a little better.
You see here an orcish club.
As you open the door, it creaks loudly!
A hound comes into view.
Found an elven ring mail.
There is an open door here.
The hound barks!
The hound completely misses you.
You closely miss the hound.
You headbutt the hound, but do no damage.
The hound misses you.
You hit the hound.
The hound is moderately wounded.
The hound bites you but does no damage. The hound closely misses you.
You barely miss the hound.
The hound is moderately wounded.
The hound barely misses you.
You closely miss the hound.
The hound is moderately wounded.
The hound barely misses you.
You barely miss the hound.
The hound is moderately wounded.
The hound misses you.
You punch the hound! Your kick misses the hound.
The hound is severely wounded.
The hound barely misses you. The hound closely misses you.
You punch the hound!
You kill the hound!
Makhleb accepts your kill.
You see here a hound corpse.
You open the door.
There is an open door here.
You are feeling hungry.
Found an escape hatch in the ceiling.
A hill giant comes into view. It is wielding a giant club.
The hill giant shouts!
The hill giant hits you with a giant club.
The hill giant hits you with a giant club!
Press: ? - help, v - describe, . - travel
Here: a hill giant, wielding a giant club A floor.
Use which ability? (? or * to list)
A demon appears!
It doesn't seem very happy.
You feel slightly more hungry. The hill giant closely misses you.
The hellwing gestures at you. You resist.
You hit the hellwing.
The hellwing is lightly wounded.
The hellwing misses you. The hellwing barely misses you.
The hill giant completely misses you.
A shadow comes into view.
Use which ability? (? or * to list)
A demon appears!
You feel slightly more hungry.
You can no longer summon a lesser servant of Makhleb.
The hellwing hits you!
* * * LOW HITPOINT WARNING * * *
The hellwing barely misses you.
The hill giant hits you with a giant club!
You die...

#.....#
###........##
###'###
#........# #.#
#........#
####.#
###....###
#....#
#####.####
#'#####
#........###
......#
#........p..
......#
#####...<....#
......#
#......@C....#
......#
#.###..43....#
.(....#
#........#
......+
######.###
....(.# #.#
'###### #.#
......###
####.#
#####...#
#....#
######.###
#.####


You could see a hill giant, a hellwing, a shadow and a friendly ynoxinul.

Vanquished Creatures
  Gastronok (D:8)
  Pikel (D:8)
  Grinder (D:4)
  A troll (D:9)
  A hippogriff (D:9)
  Eustachio (D:8)
  2 yaks (D:8)
  Edmund (D:7)
  2 hungry ghosts (D:8)
  3 orc warriors
  2 ice beasts
  2 slaves (D:8)
  3 ogres
  2 phantoms
  8 centaurs
  The ghost of Tux the Insei, an average SETm (D:3)
  Sigmund (D:3)
  Duvessa (D:4)
  3 giant frogs
  Blork the orc (D:4)
  3 gnoll sergeants (D:8)
  A killer bee zombie (D:5)
  3 crimson imps
  2 orc priests (D:9)
  Dowan (D:4)
  A goliath beetle (D:9)
  An electric eel (D:8)
  9 hounds
  A hound skeleton (D:4)
  Crazy Yiuf (D:3)
  A gnoll shaman (D:8)
  4 orc wizards
  A scorpion (D:9)
  2 worker ants
  3 jellies
  A worm zombie (D:6)
  Ijyb (D:5)
  Jessica (D:3)
  A mummy (D:5)
  22 gnolls (D:8)
  A green rat (D:8)
  11 adders
  3 giant mites
  4 worms
  2 bat skeletons
  A giant eyeball (D:8)
  6 giant geckos
  24 orcs
  19 bats
  4 giant cockroaches
  17 goblins
  22 hobgoblins
  17 jackals
  15 kobolds
  A quokka (D:3)
  4 ball pythons
  4 giant newts
  A giant spore (D:7)
  2 hobgoblin zombies (D:5)
  A kobold skeleton (D:4)
  An orc zombie (D:5)
  A quokka skeleton (D:7)
  18 rats
  3 ballistomycetes (D:7)
  3 toadstools
283 creatures vanquished.

Vanquished Creatures (others)
  A hellwing (Lab)
  A slave (D:8)
  A gnoll shaman (D:8)
  A gnoll (D:8)
  An ufetubus (D:8)
  3 orcs (D:8)
  2 jackals (D:8)
  A giant newt (D:1)
  A kobold zombie (D:5)
  An orc zombie (D:5)
  A quokka (D:5)
  15 toadstools
29 creatures vanquished.

Grand Total: 312 creatures vanquished

Notes
Turn   | Place    | Note
--------------------------------------------------------------
     0 | D:1      | EnegeticOcto, the Sludge Elf Transmuter, began the quest for the Orb.
     0 | D:1      | Reached XP level 1. HP: 13/13 MP: 1/1
     5 | D:1      | Noticed a wyvern
     5 | D:1      | Noticed a hound
   178 | D:1      | Reached XP level 2. HP: 11/18 MP: 4/4
   198 | D:1      | Learned a level 2 spell: Sticks to Snakes
   761 | D:2      | Reached skill level 4 in Unarmed Combat
   845 | D:2      | Reached XP level 3. HP: 10/23 MP: 3/5
   856 | D:2      | Learned a level 3 spell: Spider Form
  1054 | D:2      | Reached skill level 5 in Transmutations
  1300 | D:2      | Reached XP level 4. HP: 21/28 MP: 5/7
  1816 | D:3      | Reached XP level 5. HP: 4/33 MP: 5/10
  2094 | D:3      | Noticed Tux's ghost (average SETm)
  2108 | D:3      | Killed Tux's ghost
  2114 | D:3      | Noticed Jessica
  2392 | D:3      | Noticed Crazy Yiuf
  2403 | D:3      | Killed Crazy Yiuf
  2403 | D:3      | Reached XP level 6. HP: 14/39 MP: 8/11
  2947 | D:3      | Noticed Sigmund
  3175 | D:3      | Killed Jessica
  3344 | D:3      | Killed Sigmund
  3344 | D:3      | Reached skill level 6 in Transmutations
  3798 | D:4      | Reached XP level 7. HP: 45/45 MP: 11/13
  3986 | D:4      | Noticed Duvessa
  4006 | D:4      | Noticed Dowan
  4008 | D:4      | Noticed Blork the orc
  4018 | D:5      | Entered Level 5 of the Dungeon
  4292 | D:5      | Learned a level 4 spell: Ice Form
  4362 | D:4      | Noticed Grinder
  4878 | D:5      | Noticed Ijyb
  4889 | D:5      | Killed Ijyb
  5947 | D:4      | Killed Dowan
  5947 | D:4      | Reached XP level 8. HP: 53/53 MP: 11/15
  5958 | D:4      | Killed Grinder
  6156 | D:4      | Found Meemmej's Distillery.
  6165 | D:4      | Killed Blork the orc
  6180 | D:4      | Bought a potion of heal wounds for 39 gold pieces
  6180 | D:4      | Bought a potion of paralysis for 13 gold pieces
  6180 | D:4      | Bought a potion of poison for 13 gold pieces
  6180 | D:4      | Bought a potion of agility for 32 gold pieces
  6180 | D:4      | Bought a potion of degeneration for 26 gold pieces
  6251 | D:4      | Killed Duvessa
  7486 | D:7      | Reached XP level 9. HP: 20/59 MP: 14/17
  7737 | D:7      | Got a ripped robe
  7780 | D:7      | Found a staircase to the Ecumenical Temple.
  7788 | Temple   | Entered the Ecumenical Temple
  7918 | Temple   | Became a worshipper of Makhleb the Destroyer
  7946 | D:7      | Identified the cursed -3 robe "Ofuuda" (You found it on level 7 of the Dungeon)
  7979 | D:7      | Found a deep blue altar of Sif Muna.
  8085 | D:7      | Reached skill level 7 in Ice Magic
  8165 | D:7      | Noticed Edmund
  8178 | D:7      | Killed Edmund
  8249 | D:7      | Reached skill level 8 in Ice Magic
  8509 | D:8      | Found Busk's Antique Armour Boutique.
  8524 | D:8      | Noticed Pikel
  8561 | D:8      | Killed Pikel
  8561 | D:8      | Acquired Makhleb's first power
  8561 | D:8      | Reached XP level 10. HP: 15/66 MP: 18/18
  8725 | D:8      | Found Shrel's General Store.
  8732 | D:8      | Bought a potion of speed for 77 gold pieces
  8823 | D:8      | Noticed Gastronok
  8848 | D:8      | Killed Gastronok
  8993 | D:8      | Acquired Makhleb's second power
  9070 | D:8      | Found a staircase to the Lair.
  9468 | D:8      | Noticed Eustachio
  9473 | D:8      | Killed Eustachio
  9660 | D:9      | Found a glowing silver altar of Zin.
  9668 | D:8      | Paralysed by a giant eyeball for 4 turns
 10094 | D:8      | Your ally freed slave died
 10110 | D:8      | Reached XP level 11. HP: 72/72 MP: 16/22
 10200 | D:9      | Acquired Makhleb's third power
 10266 | D:9      | Got a pair of silk gloves
 10290 | D:9      | Identified the +2 pair of fencer's gloves (You found it on level 9 of the Dungeon)
 10428 | D:10     | Entered Level 10 of the Dungeon
 10480 | D:10     | Found a labyrinth entrance.
 10481 | D:10     | Found Tesiwnao's Food Shoppe.
 10486 | Lab      | Entered a Labyrinth
 11790 | Lab      | Got a slimy wizard hat
 11790 | Lab      | Got a bloodstained helmet
 11794 | Lab      | Identified the +3 hat of Pondering (You found it in a Labyrinth)
 11800 | D:10     | Identified the +0 helmet of the Great Game (You found it in a Labyrinth)
 11829 | D:10     | Found a staircase to the Orcish Mines.
 11938 | D:10     | Mangled by a hill giant
